 Dungeon Crawl Stone Soup version 0.24-a0-335-g06ca16a (webtiles) character file.

Game seed: 884505541594300716

140 Gildeon the Ducker (level 5, -2/37 HPs)
             Began as an Octopode Fighter on May 18, 2019.
             Was an Initiate of Cheibriados.
             Slain by an orc
             ... wielding a +0 short sword
              (7 damage)
             ... on level 3 of the Dungeon.
             The game lasted 00:15:09 (2001 turns).

Gildeon the Ducker (Octopode Fighter)               Turns: 2001, Time: 00:15:10

Health: -2/37      AC:  1    Str: 17    XL:     5   Next: 22%
Magic:  5/5        EV: 13    Int: 11    God:    Cheibriados [......]
Gold:   117        SH:  9    Dex: 15    Spells: 4/4 levels left

rFire    x . .     SeeInvis .   a - +0 trident
rCold    + . .     Gourm    .   b - +0 shield
rNeg     . . .     Faith    .   (helmet restricted)
rPois    .         Spirit   .   (no amulet)
rElec    .         Reflect  .   n - +2 ring of dexterity
rCorr    .         Harm     .   p - ring of ice
MR       .....                  e - +4 ring of slaying (curse)
Stlth    +++.......             (no ring)
HPRegen  0.12/turn              (no ring)
MPRegen  0.09/turn              (no ring)
                                (no ring)
                                (no ring)

@: very slow
A: almost no armour, stealthy swim, amphibious, 8 rings, constrict 8, camouflage
1, gelatinous body 1
a: Bend Time, Renounce Religion


You were on level 3 of the Dungeon.
You worshipped Cheibriados.
Cheibriados was noncommittal.
You were not hungry.

You visited 1 branch of the dungeon, and saw 3 of its levels.

You collected 117 gold pieces.

Inventory:

Hand Weapons
 a - a +0 trident (weapon)
Armour
 b - a +0 shield (worn)
Jewellery
 e - a cursed +4 ring of slaying (on tentacle)
 n - a +2 ring of dexterity (left tentacle)
 p - a ring of ice (right tentacle)
Scrolls
 i - a scroll of enchant armour {unknown}
 j - 2 scrolls of remove curse
 k - 2 scrolls of magic mapping
 l - a scroll of teleportation {unknown}
 m - a scroll of enchant weapon {unknown}
Potions
 c - a potion of might
 f - 2 potions of flight
 o - a potion of cancellation
Comestibles
 d - 7 rations
 g - 2 chunks of flesh


   Skills:
 + Level 3.6 Fighting
 + Level 2.8 Polearms
 + Level 3.7 Dodging
 + Level 2.7 Stealth
 + Level 3.7 Shields


You had 4 spell levels left.
You didn't know any spells.
Your spell library was empty.

Dungeon Overview and Level Annotations

Branches:
Dungeon (3/15)

Altars:
Cheibriados
Wu Jian


Innate Abilities, Weirdness & Mutations

You cannot wear most types of armour.
You are very stealthy in the water. (Stealth+)
You are amphibious.
You can wear up to eight rings at the same time.
You can use your tentacles to constrict eight enemies at once.
Your skin changes colour to match your surroundings (Stealth+).
Your rubbery body absorbs attacks. (AC +1, EV +1)


Message History

You grab the orc priest.
You constrict the orc priest, but do no damage.
The orc hits you with a +0 short sword.
An orc comes into view. It is wielding a +0 flail.
The orc priest hits you.
You hit the orc priest. You squeeze the orc priest.
The orc priest is heavily wounded.
You constrict the orc priest. The orc barely misses you.
The orc priest hits you.
* * * LOW HITPOINT WARNING * * *
You hit the orc priest. You squeeze the orc priest.
You kill the orc priest!
Cheibriados appreciates the change of pace.
You have reached level 5!
You feel stronger. The orc hits you with a +0 short sword.
* * * LOW HITPOINT WARNING * * *
An orc comes into view. It is wielding a +0 dagger.
The orc hits you with a +0 short sword!
You die...

#.######÷..####.
#. #...####...
#)#####.#........
#....#...#...#...
#..#...#.#.#...#
#...###..#..###..
#.#.#)#.###.#$# .
#...##[o.o.o'#
#..#.†@#####...#
#....#.# .....#
#...##.+ .....#
##.. #.# S#...#
#.# ..# ...#o# #.
#+. +# ..# ## .
o<. . #.


You could see 3 orcs.

Vanquished Creatures
  An orc priest (D:3)
  4 adders
  An ooze (D:1)
  4 dart slugs
  2 leopard geckos
  2 orcs
  A giant cockroach (D:2)
  4 goblins
  10 hobgoblins
  5 jackals (D:2)
  6 kobolds
  A quokka (D:2)
  3 ball pythons
  5 bats
  5 frilled lizards
  6 rats
60 creatures vanquished.

Notes
Turn   | Place    | Note
-------+----------+-------------------------------------------
     0 | D:1      | Gildeon the Octopode Fighter began the quest for the Orb.
     0 | D:1      | Reached XP level 1. HP: 16/16 MP: 1/1
    17 | D:1      | Reached XP level 2. HP: 19/21 MP: 2/2
    80 | D:1      | Reached skill level 1 in Stealth
   513 | D:1      | Reached XP level 3. HP: 18/26 MP: 3/3
   984 | D:2      | Reached XP level 4. HP: 22/31 MP: 4/4
  1793 | D:3      | Found an ornate altar of the Wu Jian Council.
  1795 | D:3      | Found a snail-covered altar of Cheibriados.
  1818 | D:3      | Became a worshipper of Cheibriados the Contemplative
  2001 | D:3      | Reached XP level 5. HP: 7/37 MP: 5/5
  2001 | D:3      | Slain by an orc

Levels and vault maps discovered:
D:1:      sevenhm_arrival_forest_fort_large_4, layout_loops_ring,
          minmay_misc_feat_five, grunt_decor_fettered
D:2:      layout_loops_ring, first_ration
D:3:      layout_loops_ring, tgw_fedhas, lemuel_coloured_pillars_altar,
          grunt_temple_overflow_open, minmay_fractal_squares_diagonal_5

Skill      XL: |  1  2  3 |
---------------+----------+-----
Stealth        | 1 2 |  2.7
Fighting       | |  3.6
Polearms       | |  2.8
Dodging        | |  3.7
Shields        | |  3.7

Action                   |  1- 3 |  4- 6 || total
-------------------------+-------+-------++-------
Melee: Trident           |    62 |    48 ||   110
       Constrict         |    17 |    14 ||    31
       Tentacles         |    13 |    11 ||    24
  Use: Scroll            |       |     5 ||     5
 Stab: Sleeping          |     8 |     7 ||    15
       Distracted        |     1 |       ||     1
  Eat: Chunk             |       |     4 ||     4
Armor: Skin              |       |     2 ||     2
Dodge: Dodged            |    28 |    23 ||    51
Block: Shield            |    17 |    18 ||    35

Table legend:
 A = Non-vault XP
 B = Vault XP
 C = Vault XP percentage of total XP
 D = Non-vault monster count
 E = Vault monster count
 F = Vault count percentage of total count
                 A         B        C        D         E       F
            +---------+---------+-------+---------+---------+-------
      Total |     184 |      16 |   8.0 |      56 |       4 |   6.7
            +---------+---------+-------+---------+---------+-------
        D:1 |      40 |       0 |   0.0 |      17 |       0 |   0.0
        D:2 |      62 |       0 |   0.0 |      28 |       0 |   0.0
        D:3 |      82 |      16 |  16.3 |      11 |       4 |  26.7
            +---------+---------+-------+---------+---------+-------
